 Dungeon Crawl Stone Soup version 0.18-b1-22-ge198996 (webtiles) character file.

625 varam the Changer (level 7, -1/61 HPs)
             Began as a Troll Transmuter on May 3, 2016.
             Slain by ThereIsNoGod's ghost (12 damage)
             ... on level 3 of the Dungeon.
             The game lasted 00:26:46 (4078 turns).

varam the Changer (Troll Transmuter)                Turns: 4078, Time: 00:26:46

Health: -1/61      AC:  2    Str: 19    XL:     7   Next: 23%
Magic:  10/12      EV: 19    Int:  9    God:
Gold:   133        SH:  0    Dex: 17    Spells: 2 memorised, 10 levels left

rFire  . . .     SeeInvis .       - Unarmed
rCold  . . .     Gourm    +     (armour currently unavailable)
rNeg   . . .     Faith    .     (shield currently unavailable)
rPois  x         Spirit   .     (helmet currently unavailable)
rElec  .         Dismiss  .     (cloak currently unavailable)
rCorr  .         Reflect  .     (gloves unavailable)
SustAt +         Harm     .     (boots unavailable)
MR     .....                    q - amulet of rage
Stlth  ++........               (no ring)
                                n - ring of sustain attributes

@: spider-form (expiring), not resistant to hostile enchantments, unstealthy
A: unfitting armour, (claws 0), fast metabolism 3, gourmand, regeneration 2,
(shaggy fur 0), (tough skin 0)
a: End Transformation, Evoke Berserk Rage


You were on level 3 of the Dungeon.
You were very full.
You were a venomous arachnid creature.
You visited 1 branch of the dungeon, and saw 4 of its levels.
You also visited: Ossuary.

You collected 133 gold pieces.

Inventory:

Missiles
 a - 12 arrows
Armour
 b - a +0 robe (melded)
Jewellery
 n - a ring of sustain attributes (left front leg)
 q - an amulet of rage (around neck)
Scrolls
 e - 2 scrolls of blinking
 f - a scroll of enchant armour {unknown}
 i - 3 scrolls of recharging
 j - a scroll of remove curse
 p - a scroll of noise {unknown}
 s - a scroll of teleportation {unknown}
 t - 2 scrolls of magic mapping {unknown}
 u - 3 scrolls of identify
 x - a scroll of amnesia {unknown}
Potions
 h - a potion of cancellation {unknown}
 k - a potion of agility {unknown}
 l - a potion of haste {unknown}
 o - a potion of heal wounds {unknown}
 r - 3 potions of curing {unknown}
 v - a potion of resistance {unknown}
 w - 2 potions of might {unknown}
 z - a potion of brilliance {unknown}
Books
 c - a book of Changes

   Spells                             Type                      Level
   a - Beastly Appendage              Transmutation                1
   b - Sticks to Snakes               Transmutation                2
   c - Spider Form                    Transmutation/Poison         3
   d - Ice Form                       Ice/Transmutation            4
   e - Blade Hands                    Transmutation                5
 m - a book of the Sky

   Spells                             Type                      Level
   a - Summon Lightning Spire         Summoning/Air                4
   b - Airstrike                      Air                          4
   c - Silence                        Hexes/Air                    5
   d - Deflect Missiles               Charms/Air                   6
   e - Conjure Ball Lightning         Conjuration/Air              6
   f - Tornado                        Air                          9
Comestibles
 d - 3 bread rations
 g - a royal jelly


   Skills:
 - Level 0.7 Fighting
 - Level 1.5 Dodging
 + Level 3.0 Unarmed Combat
 - Level 4.0 Spellcasting
 - Level 4.0 Transmutations


You had 10 spell levels left.
You knew the following spells:

 Your Spells              Type           Power        Failure   Level  Hunger
a - Beastly Appendage     Trmt           #.....       17%         1    #......
b - Spider Form           Trmt/Pois      #.........   56%         3    ###....


Dungeon Overview and Level Annotations

Branches:
Dungeon (4/15)
 Temple: D:4-7

Altars:
Pakellas
Xom

Shops:
D:4 (

Annotations:
D:3 ThereIsNoGod's ghost, amateur DsGl


Innate Abilities, Weirdness & Mutations

You are too large for most types of armour.
((You have claws for hands.))
Your metabolism is lightning-fast.
You like to eat raw meat.
You heal very quickly.
((You are covered in fur (AC +1).))
((You have very tough skin (AC +2).))


Message History

ThereIsNoGod's ghost hits you!
* * * LOW HITPOINT WARNING * * *
There is a stone staircase leading down here.
Your transformation is almost over.
You hit ThereIsNoGod's ghost but do no damage.
ThereIsNoGod's ghost is almost destroyed.
ThereIsNoGod's ghost misses you.
You barely miss ThereIsNoGod's ghost.
ThereIsNoGod's ghost is almost destroyed.
ThereIsNoGod's ghost closely misses you.
You closely miss ThereIsNoGod's ghost.
ThereIsNoGod's ghost is almost destroyed.
ThereIsNoGod's ghost misses you.
You hit ThereIsNoGod's ghost but do no damage.
ThereIsNoGod's ghost is almost destroyed.
ThereIsNoGod's ghost misses you.
You hit ThereIsNoGod's ghost but do no damage.
ThereIsNoGod's ghost is almost destroyed.
ThereIsNoGod's ghost hits you!
You die...

#... #.# # #......# #...## #.#
#.#.##.##. ...... ##.##
#.#....... ......## #...#
#.#...#.## .......# #...#
#.#.#...# .....#.##### #...#
#...)..###
...........####...#######.^......
....#)<###............#.......###
. ##.#........sW...>.........#
(...#..#.#............#.......##
...........##.#...#.###.#.......
.....########.#...#.# #.#....###.
##.#. #.......# #.####.# #.#.
#.....#.# #.. ... . . ......##.#
### .. # # ##.......# ##.....


You could see ThereIsNoGod's ghost.

Vanquished Creatures
  A black bear (D:4)
  A water moccasin zombie (Ossuary)
  A giant frog zombie (D:4)
  An orc priest (D:4)
  An orc wizard (D:4)
  5 worker ants (D:4)
  2 big kobold zombies (Ossuary)
  2 mummies (Ossuary)
  3 gnolls (D:4)
  7 adders
  2 oozes
  4 adder zombies (Ossuary)
  An adder skeleton (D:4)
  3 worms
  A dart slug (D:1)
  4 giant geckos
  7 orcs
  3 ball pythons
  6 giant cockroaches
  6 gnoll zombies (Ossuary)
  11 goblins
  2 hobgoblins (D:2)
  4 jackals (D:2)
  7 kobolds
  2 bats (D:2)
  A giant gecko skeleton (D:4)
  2 giant newts (D:1)
  4 hobgoblin zombies (Ossuary)
  5 kobold zombies (Ossuary)
  4 orc zombies (Ossuary)
  7 rats
110 creatures vanquished.

Vanquished Creatures (others)
  A lightning spire (D:4)
  2 hobgoblin zombies (Ossuary)
  3 bushes (D:4)
6 creatures vanquished.

Grand Total: 116 creatures vanquished

Notes
Turn   | Place    | Note
--------------------------------------------------------------
     0 | D:1      | varam the Troll Transmuter began the quest for the Orb.
     0 | D:1      | Reached XP level 1. HP: 18/18 MP: 1/1
    82 | D:1      | Reached XP level 2. HP: 12/26 MP: 3/3
   765 | D:2      | Reached XP level 3. HP: 32/32 MP: 2/4
   839 | D:2      | Found a shimmering altar of Xom.
   935 | D:2      | Learned a level 3 spell: Spider Form
  1133 | D:2      | You fall through a shaft!
  1205 | D:2      | Reached XP level 4. HP: 40/40 MP: 3/6
  1674 | D:3      | Noticed ThereIsNoGod's ghost (amateur DsGl)
  1883 | D:3      | Reached XP level 5. HP: 38/46 MP: 7/7
  2134 | D:4      | Found an oddly glowing altar of Pakellas.
  2135 | D:4      | Noticed a cyclops
  2238 | D:4      | Noticed a black bear
  2255 | D:4      | Killed a black bear
  2255 | D:4      | Reached XP level 6. HP: 47/54 MP: 7/9
  2330 | D:4      | Found Suptuta's Antique Weapon Shoppe.
  2355 | D:4      | Found a sand-covered staircase.
  2360 | Ossuary  | Entered an ossuary
  3749 | D:4      | Reached XP level 7. HP: 53/61 MP: 9/11
  4078 | D:3      | Slain by ThereIsNoGod's ghost

Skill      XL: |  1  2  3  4  5  6  7 |
---------------+----------------------+-----
Transmutations | 2 3 4 |  4.0
Spellcasting   | 2 3 4 |  4.0
Fighting       | |  0.7
Dodging        | |  1.5
Unarmed Combat | |  3.0

Action                   |  1- 3 |  4- 6 |  7- 9 || total
-------------------------+-------+-------+-------++-------
Melee: Unarmed           |    76 |   279 |    65 ||   420
       Headbutt          |     7 |     4 |     3 ||    14
       Kick              |       |    35 |     1 ||    36
       Punch             |       |     2 |       ||     2
 Cast: Beastly Appendage |    21 |    32 |     3 ||    56
       Spider Form       |       |     4 |     4 ||     8
  Use: Scroll            |       |     4 |       ||     4
 Stab: Distracted        |       |       |     1 ||     1
  Eat: Chunk             |    17 |    16 |     7 ||    40
       Beef jerky        |       |     1 |       ||     1
       Meat ration       |       |       |     1 ||     1
Armor: Robe              |    34 |    65 |     5 ||   104
Dodge: Dodged            |    48 |   140 |    36 ||   224
